 Dungeon Crawl Stone Soup version 0.30-a0-141-g30f27751c5 (webtiles) character file.

Game seed: 4010326140713403372

90 qw the Chopper (level 4, -1/28 HPs)
             Began as a Gargoyle Fighter on Sept 25, 2022.
             Killed from afar by Sigmund (6 damage)
             ... with a magic dart
             ... on level 3 of the Dungeon.
             The game lasted 00:00:39 (1930 turns).

qw the Chopper (Gargoyle Fighter)                   Turns: 1930, Time: 00:00:40

Health: -1/28      AC: 10    Str: 21    XL:     4   Next: 56%
Magic:  4/4        EV:  9    Int:  9    God:
Gold:   162        SH:  4    Dex:  9    Spells: 3/3 levels left

rFire   . . .      SeeInvis .    Y - +0 war axe
rCold   . . .      Faith    .    c - +0 buckler
rNeg    + + .      Spirit   .    b - +0 scale mail
rPois   inf        Reflect  .    (no helmet)
rElec   +          Harm     .    (no cloak)
rCorr   .          Rampage  .    (no gloves)
Will    .....                    (no boots)
Stlth   ..........               (no amulet)
HPRegen 0.09/turn                h - ring of positive energy
MPRegen 0.09/turn                (no ring)

@: no status effects
A: sickness immunity, AC +3, negative energy resistance 1, electricity
resistance, torment resistance 1, petrification resistance
a: no special abilities


You were on level 3 of the Dungeon.
You visited 1 branch of the dungeon, and saw 3 of its levels.

You collected 162 gold pieces.


Innate Abilities, Weirdness & Mutations

You are immune to sickness and miasma.
Your stone body is resilient. (AC +3)
You are immune to poison.
You resist negative energy. (rN+)
You are resistant to electric shocks. (rElec)
You are resistant to unholy torment.
You are immune to petrification.


   Skills:
 - Level 3.2 Fighting
 + Level 3.9 Axes
 - Level 1.2 Throwing
 - Level 3.2 Armour
 - Level 3.2 Shields


You had 3 spell levels left.
You didn't know any spells.
Your spell library was empty.

Inventory:

Hand Weapons
 e - a +0 flail
 Y - a +0 war axe (weapon)
Missiles
 k - a silver javelin (quivered)
Armour
 b - a +0 scale mail (worn)
 c - a +0 buckler (worn)
Jewellery
 h - a ring of positive energy (left hand)
Scrolls
 a - a scroll of enchant armour
 f - a scroll of vulnerability {unknown}
 i - 2 scrolls of identify
 j - a scroll of fear {unknown}
Potions
 d - 4 potions of might
 g - 2 potions of curing {unknown}
 l - a potion of flight {unknown}

Dungeon Overview and Level Annotations

Branches:
Dungeon (3/15)

Altars:
Ashenzari
Dithmenos
Xom

Shops:
D:3 :

Annotations:
D:3 Sigmund


Message History

Something hits you.
You miss something. You block something's attack.
You barely miss something. Something hits you but does no damage.
You barely miss something.
You hear some strange, mumbled words.
You are confused.
You're too confused to attack without stumbling around!
There is a strange disturbance nearby!
Something hits you but does no damage.
You're too confused to attack without stumbling around!
There is a strange disturbance nearby!
Something hits you but does no damage.
You're too confused to attack without stumbling around!
There is a strange disturbance nearby!
You're too confused to attack without stumbling around!
There is a strange disturbance nearby!
Something completely misses you.
You're too confused to attack without stumbling around!
There is a strange disturbance nearby!
You feel less confused. Something hits you.
You miss something. Something hits you.
You closely miss something. You barely miss something. Something hits you!
You hit something. Something hits you!
You closely miss something.
You hear some strange, mumbled words.
A puff of flame appears from out of thin air!
The puff of flame hits you. Something hits you.
You closely miss something. You closely miss something.
You hear some strange, mumbled words.
A magic dart appears from out of thin air!
The magic dart hits you.
You die...

.....## ##..#########.#
###...... ####.#
#...#.......#.###...###.. #
#..####.#.#.......#.....###
##.
###.#.....#.#.......#..####
## ......###...#..._...#..# #
............#.......#.## #
.....#####..#!......#.# #
.....# #..#..{....#.####
.....##.....####@####....###
........###................##
......# #######......###..#
..... ######## ##.### #...###
###.... #####


There were no monsters in sight!

Vanquished Creatures
  An orc wizard (D:3)
  2 adders (D:3)
  2 worms (D:2)
  A dart slug (D:2)
  2 orcs (D:3)
  A bat (D:2)
  3 endoplasms
  4 giant cockroaches
  2 hobgoblins
  3 quokkas
  A ball python (D:2)
  3 frilled lizards (D:2)
  2 goblins
  5 kobolds
  6 rats
38 creatures vanquished.

Notes
Turn   | Place    | Note
-------+----------+-------------------------------------------
     0 | D:1      | qw the Gargoyle Fighter began the quest for the Orb.
     0 | D:1      | Reached XP level 1. HP: 14/14 MP: 1/1
     0 | D:1      | 0 ||| qw: Version: 0.2-a-10-g399e6c4
     0 | D:1      | 0 ||| qw: Game counter: 250
     0 | D:1      | 0 ||| qw: Always use a shield: true
     0 | D:1      | 0 ||| qw: God list: Okawaru
     0 | D:1      | 0 ||| qw: Allow faded altars: false
     0 | D:1      | 0 ||| qw: Do Orc after D:15 true
     0 | D:1      | 0 ||| qw: Do second Lair branch before Depths: true
     0 | D:1      | 0 ||| qw: Lair rune preference: random
     0 | D:1      | 0 ||| qw: Plans: Normal, Zot:1-4, God:TSO, Crypt, Tomb,
                  | Pan, Slime:5, Hells, Abyss, Orb
     0 | D:1      | 0 ||| PLANNING D:1-11
   367 | D:1      | Reached XP level 2. HP: 19/19 MP: 2/2
   425 | D:1      | 425 ||| Stepping ~*~*~tactically~*~*~ (stealth).
   426 | D:1      | 426 ||| Stepping ~*~*~tactically~*~*~ (stealth).
   582 | D:1      | 582 ||| UPGRADING to ring of positive energy.
   595 | D:2      | 595 ||| STAIRDANCE
   671 | D:2      | 671 ||| STAIRDANCE
   758 | D:2      | Reached skill level 3 in Axes
   866 | D:2      | Reached XP level 3. HP: 23/23 MP: 3/3
  1064 | D:2      | Found a faded altar of an unknown god.
  1458 | D:2      | 1458 ||| READING 2 scrolls labelled YPEPAA GEIK.
  1459 | D:2      | 1459 ||| READING scroll labelled USAZEU PELURA.
  1460 | D:2      | 1460 ||| READING scroll labelled ZOSCHE ZOTEMEA.
  1542 | D:3      | Reached skill level 1 in Throwing
  1573 | D:3      | Reached XP level 4. HP: 28/28 MP: 4/4
  1614 | D:3      | Found a broken altar of Ashenzari.
  1614 | D:3      | Found a shadowy altar of Dithmenos.
  1775 | D:3      | Found Akatejae's Book Emporium.
  1907 | D:3      | Found a shimmering altar of Xom.
  1907 | D:3      | Noticed Sigmund
  1908 | D:3      | 1908 ||| Stepping ~*~*~tactically~*~*~ (hiding).
  1928 | D:3      | HP: 5/28 [something/puff of flame (5)]
  1930 | D:3      | Killed from afar by Sigmund

Levels and vault maps discovered:
D:1:      lordsloth_arrival_two_stooges, layout_basic
D:2:      layout_loops_ring, shapermc_ecumenical_altar_pompeii
D:3:      layout_rooms, grunt_temple_overflow_open, lemuel_tele_altar,
          serial_shops, shop, uniq_sigmund

Skill      XL: |  1  2  3 |
---------------+----------+-----
Axes           | 2 3 |  3.9
Throwing       | 1 |  1.2
Fighting       | |  3.2
Armour         | |  3.2
Shields        | |  3.2

Action                   |  1- 3 |  4- 6 || total
-------------------------+-------+-------++-------
Melee: War axe           |    76 |    22 ||    98
Throw: Javelin           |    24 |     3 ||    27
  Use: Scroll            |     3 |       ||     3
Armor: Scale mail        |    29 |     8 ||    37
Dodge: Dodged            |    24 |     6 ||    30
Block: Buckler           |    12 |     3 ||    15

Table legend:
 A = Non-vault XP
 B = Vault XP
 C = Vault XP percentage of total XP
 D = Non-vault monster count
 E = Vault monster count
 F = Vault count percentage of total count
                 A         B        C        D         E       F
            +---------+---------+-------+---------+---------+-------
      Total |     129 |       0 |   0.0 |      38 |       0 |   0.0
            +---------+---------+-------+---------+---------+-------
        D:1 |      22 |       0 |   0.0 |      14 |       0 |   0.0
        D:2 |      32 |       0 |   0.0 |      15 |       0 |   0.0
        D:3 |      75 |       0 |   0.0 |       9 |       0 |   0.0
            +---------+---------+-------+---------+---------+-------
